 Dungeon Crawl Stone Soup version 0.24-a0-422-g9eff389 (webtiles) character file.

Game seed: 4978650153497809956

48 icyfiredragone the Poker (level 3, 0/30 HPs)
             Began as a Draconian Gladiator on June 12, 2019.
             Succumbed to an adder's poison
             ... on level 2 of the Dungeon.
             The game lasted 00:28:09 (4569 turns).

icyfiredragone the Poker (Draconian Gladiator)      Turns: 4569, Time: 00:28:10

Health: 0/30       AC:  5    Str: 16    XL:     3   Next: 50%
Magic:  3/3        EV: 13    Int:  8    God:
Gold:   47         SH:  0    Dex: 13    Spells: 2/2 levels left

rFire    . . .     SeeInvis .   a - +0 trident
rCold    . . .     Gourm    .   (no shield)
rNeg     . . .     Faith    .   (armour unavailable)
rPois    .         Spirit   .   b - +0 hat
rElec    .         Reflect  .   (no cloak)
rCorr    .         Harm     .   (no gloves)
MR       .....                  (no boots)
Stlth    ++........             (no amulet)
HPRegen  0.10/turn              (no ring)
MPRegen  0.08/turn              (no ring)

@: lethally poisoned (0 -> -3)
A: unfitting armour, cold-blooded, AC +5
a: no special abilities


You were on level 2 of the Dungeon.
You were not hungry.

You visited 1 branch of the dungeon, and saw 2 of its levels.

You collected 47 gold pieces.

Inventory:

Hand Weapons
 a - a +0 trident (weapon)
 o - a +1 mace of protection
Missiles
 c - 3 throwing nets (quivered)
 i - 20 poisoned darts
Armour
 b - a +0 hat (worn)
Scrolls
 e - a scroll of fog {unknown}
 g - 5 scrolls of identify
 j - a scroll of enchant weapon {unknown}
 l - a scroll of remove curse {unknown}
 p - a scroll of random uselessness {unknown}
Potions
 d - a potion of magic {unknown}
 f - a potion of curing {unknown}
 h - a potion of ambrosia {unknown}
 k - 2 potions of mutation {unknown}
 m - a potion of agility {unknown}
 n - a potion of heal wounds {unknown}
 q - a potion of flight {unknown}


   Skills:
 + Level 2.6 Fighting
 + Level 3.6 Polearms
 + Level 1.9 Throwing
 + Level 3.1 Dodging
 + Level 0.8 Stealth


You had 2 spell levels left.
You didn't know any spells.
Your spell library was empty.

Dungeon Overview and Level Annotations

Branches:
Dungeon (2/15)

Altars:
The Shining One

Annotations:
D:2 Robin


Innate Abilities, Weirdness & Mutations

Your plain brown scales are hard. (AC +5)
You cannot fit into any form of body armour.
You are cold-blooded and may be slowed by cold attacks.


Message History

The adder barely misses you.
You see here 18 stones.
The adder closely misses you. The goblin hits you but does no damage.
The adder barely misses you. The adder bites you but does no damage.
The adder misses you. The adder bites you but does no damage.
The adder misses you. The adder bites you.
* * * LOW HITPOINT WARNING * * *
You are lethally poisoned!
The adder poisons you!
* * * LOW HITPOINT WARNING * * *
You feel sick.
You hit the adder.
The adder is heavily wounded.
The adder misses you.
You miss the adder.
The adder is heavily wounded.
You die...

... ##.......##
##.......# #
#.......## ##.g(g..#
#.##...## ###l####
##'###### #g# #♣...♣#
### #g# #.....###...#
#.# #♣...♣##.# #.##
#.#
#.....##.####.######.#
###_####.@S.g.g.l..l.#
### ##.#g##.########
#..#.#.##
#######.#...#
...........##
#######.#### #.# #.#
#÷#


You could see an adder, 3 goblins and a frilled lizard.

Vanquished Creatures
  An ooze (D:2)
  A worm (D:2)
  A leopard gecko (D:1)
  2 giant cockroaches (D:1)
  7 hobgoblins
  6 kobolds (D:1)
  A ball python (D:1)
  A bat (D:1)
  2 frilled lizards
  8 goblins
  8 rats
38 creatures vanquished.

Notes
Turn   | Place    | Note
-------+----------+-------------------------------------------
     0 | D:1      | icyfiredragone the Draconian Gladiator began the quest for
                  | the Orb.
     0 | D:1      | Reached XP level 1. HP: 17/17 MP: 1/1
  1609 | D:1      | Reached XP level 2. HP: 20/25 MP: 2/2
  4040 | D:1      | Reached XP level 3. HP: 30/30 MP: 3/3
  4483 | D:2      | Found a glowing golden altar of the Shining One.
  4506 | D:2      | Noticed Robin
  4537 | D:2      | HP: 1/30 [goblin[Robin] (2)]
  4567 | D:2      | HP: 1/30 [poisoned by an adder]
  4569 | D:2      | Succumbed to an adder's poison

Levels and vault maps discovered:
D:1:      minmay_arrival_cross, layout_basic
D:2:      layout_loops_corners, overflow_temple_1_default, tso_altar,
          first_ration, uniq_robin

Skill      XL: |  1  2 |
---------------+-------+-----
Dodging        | 3 |  3.1
Fighting       | |  2.6
Polearms       | |  3.6
Throwing       | |  1.9
Stealth        | |  0.8

Action                   || total
-------------------------++-------
Melee: Trident           ||   119
       Tailslap          ||    10
  Use: Scroll            ||     1
  Eat: Chunk             ||     8
       Ration            ||     1
Armor: Skin              ||    46
Dodge: Dodged            ||   123

Table legend:
 A = Non-vault XP
 B = Vault XP
 C = Vault XP percentage of total XP
 D = Non-vault monster count
 E = Vault monster count
 F = Vault count percentage of total count
                 A         B        C        D         E       F
            +---------+---------+-------+---------+---------+-------
      Total |      58 |      11 |  15.9 |      32 |       6 |  15.8
            +---------+---------+-------+---------+---------+-------
        D:1 |      41 |       0 |   0.0 |      26 |       0 |   0.0
        D:2 |      17 |      11 |  39.3 |       6 |       6 |  50.0
            +---------+---------+-------+---------+---------+-------
